AoeStats
← Mhafiki

Arabia

506560319Analyzed
3v3 RM · 18d ago on Sep 14, 2026· 57m 42s· 6 players
Game mode
Random Map
Map size
Normal (6 player)
Population
200
Speed
Normal
Resources
Standard
Victory
Conquest
Starting age
Dark Age
Ending age
Imperial Age
RankedLock teamsTeams togetherTeam positionsShared explorationLock speedFull tech treeHidden civsTurbo modeCheats
Victory
Defeat
🇺🇸 Ethiopians · United States
1150
+15
🇺🇸 Saracens · United States
1017
+21
🇺🇸 Tupi · United States
1004
+21
🇦🇷 Tatars · Argentina
1254
-24
🇦🇷 Poles · Argentina
1143
-20
🇦🇷 Franks · Argentina
970
-13
DVaso
11:02 Feudal Age
10:04 Loom
15:54 Castle Age
14:08 Horse Collar
15:28 Double-Bit Axe
15:51 Scale Barding Armor
21:26 Bloodlines
26:47 Wheelbarrow
27:07 Town Watch
28:07 Husbandry
28:26 Forging
29:46 Bow Saw
29:37 Heavy Plow
29:52 Fletching
38:16 Imperial Age
37:58 Chain Barding Armor
38:56 Bimaristan
41:14 Hand Cart
40:59 Town Patrol
41:27 Conscription
41:48 Iron Casting
41:16 Bodkin Arrow
41:20 Murder Holes
41:11 Elite Mameluke
41:41 Heavy Camel Rider
43:49 Two-Man Saw
42:41 Gold Mining
44:24 Hoardings
45:28 Plate Barding Armor
46:31 Blast Furnace
45:35 Bracer
49:19 Ballistics
50:00 Chemistry
49:05 Siege Engineers
51:46 Counterweights
51:48 Masonry
56:48 Treadmill Crane
Triqem
7:34 Loom
10:46 Feudal Age
18:45 Scale Mail Armor
22:54 Castle Age
21:19 Double-Bit Axe
21:17 Horse Collar
22:37 Fletching
23:43 Forging
23:31 Pikeman
25:02 Chain Mail Armor
26:10 Squires
28:14 Bodkin Arrow
33:33 Stone Mining
37:10 Bow Saw
38:23 Wheelbarrow
41:22 Padded Archer Armor
48:03 Imperial Age
53:30 Two-Man Saw
53:02 Heavy Plow
55:31 Arson
Mhafiki
9:22 Loom
11:07 Feudal Age
12:13 Double-Bit Axe
13:46 Horse Collar
17:26 Castle Age
17:31 Fletching
18:28 Bow Saw
18:20 Heavy Plow
17:56 Crossbowman
19:36 Bodkin Arrow
20:40 Padded Archer Armor
21:16 Gold Mining
23:15 Scale Mail Armor
24:44 Chain Mail Armor
25:09 Forging
25:48 Leather Archer Armor
27:46 Iron Casting
27:39 Thumb Ring
33:36 Squires
34:29 Stone Mining
35:46 Gold Shaft Mining
35:56 Stone Shaft Mining
36:23 Ballistics
41:39 Imperial Age
39:44 Wheelbarrow
43:37 Torsion Engines
43:13 Halberdier
44:59 Bracer
45:30 Ring Archer Armor
44:56 Arbalester
47:55 Two-Man Saw
49:32 Elite Skirmisher
54:06 Capped Ram
57:05 Arson
ZBizkit
4:55 Loom
7:38 Loom
10:18 Feudal Age
11:03 Double-Bit Axe
12:28 Horse Collar
20:26 Castle Age
20:01 Bloodlines
20:26 Fletching
20:28 Gold Mining
21:32 Bow Saw
21:25 Heavy Plow
22:46 Bodkin Arrow
24:38 Padded Archer Armor
25:20 Ballistics
27:24 Bloodlines
29:20 Leather Archer Armor
29:57 Wheelbarrow
30:01 Husbandry
30:52 Town Watch
32:56 Hand Cart
39:16 Imperial Age
38:13 Scale Barding Armor
39:48 Heavy Cavalry Archer
41:24 Bracer
44:14 Ring Archer Armor
44:05 Chain Barding Armor
43:56 Forging
45:11 Chemistry
44:42 Light Cavalry
45:40 Pikeman
46:54 Conscription
47:58 Silk Armor
OffFaun9488
4:06 Loom
13:25 Feudal Age
14:43 Double-Bit Axe
16:11 Town Watch
20:55 Stone Mining
26:20 Forging
43:20 Wheelbarrow
48:19 Castle Age
48:41 Pikeman
Armada Fantasma
6:38 Loom
9:47 Feudal Age
11:13 Double-Bit Axe
19:56 Castle Age
18:33 Scale Barding Armor
18:57 Forging
20:08 Horse Collar
20:51 Bloodlines
20:41 Husbandry
21:46 Gold Mining
23:55 Stone Mining
26:37 Coinage
26:40 Chain Barding Armor
30:40 Squires
30:58 Scale Mail Armor
30:21 Pikeman
33:54 Szlachta Privileges
35:36 Chain Mail Armor
36:13 Wheelbarrow
35:23 Town Watch
41:15 Imperial Age
39:37 Hand Cart
39:23 Town Patrol
41:58 Cavalier
42:10 Cavalier
42:16 Elite Skirmisher
44:18 Fletching
44:28 Padded Archer Armor
45:14 Conscription
45:30 Bodkin Arrow
46:42 Ballistics
45:50 Crossbowman
46:58 Bracer
47:13 Leather Archer Armor
58:14 Heavy Plow
Connection lost

Rejoining the realm…

Still unreachable

The connection could not be restored.

Session expired

The server has moved on; the page needs a fresh start.